 Adventure DCSS version bcrawl-1.23 (webtiles) character file.

Game seed: 454766362450863724

49143 Caerthir the Severer (level 14, -10/135 HPs)
             Began as a Minotaur Berserker on Apr 23, 2020.
             Was a High Priest of Trog.
             Shot with a bolt by something (28 damage)
             ... on level 10 of the Dungeon on May 20, 2020.
             The game lasted 00:48:01 (20182 turns).

Caerthir the Severer (Minotaur Berserker)          Turns: 20182, Time: 00:48:02

Health: -10/135    AC: 20    Str: 22    XL:     14   Next: 14%
Magic:  13/13      EV: 13    Int:  4    God:    Trog [*****.]
Gold:   1271       SH:  0    Dex: 15    Spells: 13/13 levels left
                                        Lives:  0   Deaths: 2

rFire    . . .     SeeInvis .   z - +3 executioner's axe (venom)
rCold    . . .     Gourm    .   (shield currently unavailable)
rNeg     . . .     Faith    +   w - +0 plate armour
rPois    .         Spirit   .   (helmet restricted)
rElec    .         Reflect  .   (no cloak)
rCorr    .         Harm     .   v - +0 pair of gloves
MR       +....                  N - +0 pair of boots
Stlth    ..........             g - amulet of faith
HPRegen  0.32/turn              h - ring of stealth
MPRegen  0.13/turn              x - +3 ring of evasion

@: berserk cooldown, slowed, very slow
A: retaliatory headbutt, horns 2
a: Berserk, Trog's Hand, Brothers in Arms, Renounce Religion


You were on level 10 of the Dungeon.
You worshipped Trog.
Trog was extremely pleased with you.
You were very hungry.

You visited 3 branches of the dungeon, and saw 17 of its levels.
You also visited: Ice Cave.

You collected 1271 gold pieces.

Inventory:

Hand Weapons
 z - a +3 executioner's axe of venom (weapon)
 Y - a +4 antimagic battleaxe
Missiles
 E - 3 throwing nets (quivered) {!f}
Armour
 v - a +0 pair of gloves (worn)
 w - a +0 plate armour (worn)
 N - a +0 pair of boots (worn)
Jewellery
 g - an amulet of faith (around neck)
 h - a ring of stealth (left hand)
 u - an uncursed amulet of regeneration
 x - a +3 ring of evasion (right hand)
 P - an uncursed ring of ice
 Q - an uncursed amulet of regeneration
 T - an uncursed ring of positive energy
 W - a +4 ring of protection {unknown}
Wands
 q - a wand of acid (10)
 y - a wand of iceblast (36)
 C - a wand of polymorph (9)
 F - a wand of paralysis (7)
 O - a wand of clouds (5)
 S - a wand of flame (17)
 U - a wand of disintegration (14)
Scrolls
 b - 9 scrolls of identify
 d - 3 scrolls of blinking {unknown}
 i - 13 scrolls of teleportation
 j - 8 scrolls of remove curse
 l - 2 scrolls of enchant armour {unknown}
 p - a scroll of fear {unknown}
 r - 2 scrolls of enchant weapon {unknown}
 t - a scroll of immolation {unknown}
 B - 3 scrolls of amnesia {unknown}
 D - 2 scrolls of fog {unknown}
 H - a scroll of silence {unknown}
 V - 3 scrolls of noise {unknown}
Potions
 a - 3 potions of curing
 c - 3 potions of flight {unknown}
 f - 7 potions of haste {unknown}
 k - a potion of agility {unknown}
 m - 6 potions of brilliance {unknown}
 n - a potion of invisibility
 o - 4 potions of degeneration {unknown}
 s - 2 potions of heal wounds {unknown}
 A - 3 potions of mutation {unknown}
 G - a potion of magic {unknown}
 I - 2 potions of resistance {unknown}
 K - a potion of lignification {unknown}
 L - 2 potions of might {unknown}
 R - a potion of cancellation {unknown}
Miscellaneous
 J - a lightning rod (4/4)
 X - a phial of floods
Comestibles
 e - 37 rations {!d}


   Skills:
 + Level 15.1 Fighting
 + Level 20.3 Axes
 + Level 15.2 Armour
 + Level 4.2 Dodging
 + Level 1.7 Stealth


You had 13 spell levels left.
You didn't know any spells.
Your spell library contained the following spells:

 Spells                   Type           Power        Failure   Level  Hunger
 Corpse Rot               Necr           N/A          100%        2    ###....
 Animate Dead             Necr           N/A          100%        4    #####..
 Freezing Cloud           Ice/Air        #.........   100%        6    #######
 Simulacrum               Ice/Necr       #.........   100%        6    #######


Dungeon Overview and Level Annotations

Branches:
Dungeon (10/12)            Temple (1/1) D:7            Lair (6/6) D:9
  Swamp (0/3) Lair:3       Spider (0/3) Lair:2        Slime (0/5) Lair:5
    Orc (0/1) D:10

Altars:
Ashenzari
Cheibriados
Dithmenos
Elyvilon
Fedhas
Gozag
Hepliaklqana
Kikubaaqudgha
Lugonu
Makhleb
Nemelex Xobeh
Okawaru
Qazlal
Ru
Sif Muna
Trog
Uskayaw
Vehumet
Wu Jian
Xom
Yredelemnul
Zin
The Shining One
Jiyva

Shops:
D:4 (   D:8 =

Portals:
Trove: D:10 (give 15 scrolls of teleportation)

Annotations:
D:10 1 transporter


Innate Abilities, Weirdness & Mutations

You reflexively headbutt those who attack you in melee.
You have a pair of horns on your head.


Message History

Trog appreciates your killing of a magic user.
You hear a thunk.
A bolt appears from out of thin air!
The bolt hits you!!
* * * LOW HITPOINT WARNING * * *
You open the brown very ugly thing like a pillowcase!!!
You kill the brown very ugly thing!
Trog accepts your kill.
You start resting.
You hear a thunk.
A bolt appears from out of thin air!
The bolt hits you!!
* * * LOW HITPOINT WARNING * * *
You start resting.
You feel a strong urge to attack something.
You start resting.
You feel your anger nearly subside.
You are no longer berserk.
You are exhausted.
You feel yourself slow down.
You hear a thunk.
A bolt appears from out of thin air!
The bolt hits you!!
You die...

#.(...#####.....©.....##
#..# ##...##
#..#########..# ##.# ##..#
#.##8(}©}.8##.# #.# #..#
#.#.........#.# #.## #..#
#.#.........#.# #..# #..#
#.#.........#.## #... #..#
#.#.........#..## #...
##..# #.#.....†...#...##
#... #...##
#.#.(..@....#.#..# ##..
#....####.#...†.†...#.#.##
##.
#.........##8.....8##...#
##
#########..#########...##
# ##.....©.......# #
####....###...# #
#......##..## ### ####
##.....###..## #..
...#############....#
##..## #..


There were no monsters in sight!

Vanquished Creatures
  Rupert (Lair:6)
  A very ugly thing (D:10)
  Snorg (Lair:5)
  Josephine (Lair:6)
  Harold (Lair:5)
  5 hydras
  An anaconda (Lair:6)
  A deep troll earth mage (D:10)
  6 death yaks
  Nergalle (Lair:2)
  Pikel (D:4)
  2 orc knights
  A necromancer (IceCv)
  A mana viper (shapeshifter) (D:10)
  16 elephants
  4 black mambas
  2 centaur zombies (D:10)
  An ice statue (IceCv)
  13 cane toads
  3 rime drakes
  9 freezing wraiths (IceCv)
  13 komodo dragons
  3 hornets (Lair:6)
  4 polar bears
  4 trolls
  12 blink frogs
  A raiju (shapeshifter) (D:10)
  A slime creature (D:8)
  12 hippogriffs
  16 dream sheep
  19 yaks
  12 spriggans (Lair:6)
  3 wraiths (Lair:6)
  A wyvern (Lair:5)
  Eustachio (D:4)
  4 basilisks
  3 hungry ghosts
  A vampire mosquito (D:10)
  2 swamp worms (Lair:3)
  12 water moccasins
  6 crocodiles
  An acid dragon (D:10)
  4 porcupines
  7 orc warriors
  8 black bears
  2 sky beasts
  9 ice beasts
  2 slaves (D:4)
  An alligator simulacrum (IceCv)
  A hornet zombie (D:9)
  24 wolves
  5 boggarts (Lair:6)
  8 ogres
  3 phantoms
  A centaur (D:5)
  5 big kobolds
  16 bullfrogs
  3 scorpions
  A troll zombie (D:10)
  10 killer bees (D:9)
  5 wights
  A swamp dragon simulacrum (IceCv)
  3 crimson imps
  7 draconian simulacra (IceCv)
  4 hounds
  15 jellies
  4 orc priests
  A bullfrog skeleton (D:7)
  2 centaur skeletons
  3 orc wizards
  Jessica (D:2)
  An iguana (D:7)
  4 troll simulacra (IceCv)
  4 worker ants
  4 hell rats
  A spriggan simulacrum (IceCv)
  2 wolf simulacra (IceCv)
  7 ogre zombies (D:10)
  A centaur simulacrum (IceCv)
  2 hound zombies (D:5)
  2 hound skeletons
  A worker ant zombie (D:5)
  8 gnolls
  19 adders
  A naga simulacrum (IceCv)
  2 ogre simulacra (IceCv)
  12 river rats
  A shadow imp (D:9)
  10 white imps (IceCv)
  2 oozes
  An adder zombie (D:6)
  An adder skeleton (D:4)
  4 dart slugs
  4 worms
  4 leopard geckos
  19 orcs
  4 giant cockroaches
  10 hobgoblins
  19 jackals
  18 kobolds
  6 quokkas
  A ball python (D:2)
  5 bats
  3 frilled lizards
  3 goblins
  3 goblin skeletons (D:10)
  4 goblin zombies (D:10)
  A hobgoblin skeleton (D:10)
  3 hobgoblin zombies (D:10)
  2 jackal skeletons
  14 orc zombies (D:10)
  11 rats
  14 fungi
  4 plants
601 creatures vanquished.

Vanquished Creatures (collateral kills)
  A hydra (D:7)
  A freezing wraith (IceCv)
  2 troll simulacra (IceCv)
  A centaur simulacrum (IceCv)
  A naga simulacrum (IceCv)
  2 white imps (IceCv)
8 creatures vanquished.

Vanquished Creatures (others)
  2 fungi
  8 plants (Lair:2)
10 creatures vanquished.

Grand Total: 619 creatures vanquished

Notes
Turn   | Place    | Note
-------+----------+-------------------------------------------
     0 | D:1      | Caerthir the Minotaur Berserker began the quest for the
                  | Orb.
     0 | D:1      | Reached XP level 1. HP: 19/19 MP: 0/0
   196 | D:1      | Reached XP level 2. HP: 22/27 MP: 1/1
   196 | D:1      | Reached skill level 4 in Axes
   817 | D:2      | Reached ** piety under Trog
   865 | D:2      | Reached XP level 3. HP: 30/33 MP: 2/2
  1157 | D:2      | Noticed Jessica
  1183 | D:2      | Killed Jessica
  1183 | D:2      | Reached XP level 4. HP: 39/41 MP: 3/3
  1233 | D:2      | Found a snail-covered altar of Cheibriados.
  1442 | D:3      | Noticed a phantom
  1471 | D:3      | Killed a phantom
  1471 | D:3      | Reached skill level 5 in Fighting
  1471 | D:3      | Reached skill level 5 in Axes
  1471 | D:3      | Reached XP level 5. HP: 43/48 MP: 4/4
  1500 | D:3      | Noticed an ogre
  1506 | D:3      | Killed an ogre
  1506 | D:3      | Reached skill level 6 in Axes
  1737 | D:3      | Reached *** piety under Trog
  1737 | D:3      | Reached XP level 6. HP: 56/56 MP: 5/5
  2413 | D:4      | Noticed Eustachio
  2422 | D:4      | Killed Eustachio
  2425 | D:4      | Reached skill level 7 in Axes
  2429 | D:4      | Reached XP level 7. HP: 57/62 MP: 6/6
  2646 | D:4      | Found a basalt altar of Yredelemnul.
  2646 | D:4      | Found a shattered altar of Ashenzari.
  2682 | D:4      | Found Cayvuvakh's Antique Weapon Shoppe.
  2710 | D:4      | Noticed Pikel
  2728 | D:4      | Killed Pikel
  2728 | D:4      | Reached skill level 8 in Axes
  2728 | D:4      | Reached skill level 5 in Armour
  2931 | D:5      | Entered Level 5 of the Dungeon
  2940 | D:5      | Reached XP level 8. HP: 65/71 MP: 7/7
  2942 | D:5      | Reached skill level 9 in Axes
  3101 | D:5      | Reached **** piety under Trog
  3217 | D:5      | Noticed a troll
  3228 | D:5      | Killed a troll
  3388 | D:5      | Reached skill level 10 in Axes
  3526 | D:5      | Got a transparent robe
  3548 | D:5      | Found an iron altar of Okawaru.
  3551 | D:5      | Found a blossoming altar of Fedhas.
  3554 | D:5      | Found a sacrificial altar of Ru.
  3683 | D:5      | Noticed a hippogriff
  3702 | D:5      | Killed a hippogriff
  3965 | D:6      | Noticed a hippogriff
  3966 | D:6      | Found a hazy altar of Hepliaklqana.
  3966 | D:6      | Found a shadowy altar of Dithmenos.
  3974 | D:6      | Killed a hippogriff
  3974 | D:6      | Reached skill level 1 in Stealth
  3974 | D:6      | Reached XP level 9. HP: 63/79 MP: 8/8
  4637 | D:6      | Found a sacrificial altar of Ru.
  4669 | D:6      | Reached ***** piety under Trog
  4669 | D:6      | Reached skill level 11 in Axes
  4709 | D:6      | Identified the Disquisition on Necromancy and Flight
  5321 | D:7      | Noticed a troll
  5330 | D:7      | Killed a troll
  5656 | D:7      | Reached skill level 12 in Axes
  5804 | D:7      | Found a staircase to the Ecumenical Temple.
  5819 | Temple   | Entered the Ecumenical Temple
  6011 | D:7      | Noticed an orc knight
  6022 | D:7      | Reached XP level 10. HP: 70/90 MP: 9/9
  6025 | D:7      | Killed an orc knight
  6304 | D:8      | Noticed a six-headed hydra
  6332 | D:7      | Killed a six-headed hydra
  6332 | D:7      | Reached skill level 13 in Axes
  6360 | D:8      | Reached skill level 10 in Armour
  6844 | D:8      | Found Kourphih's Jewellery Shoppe.
  7183 | D:9      | Noticed a three-headed hydra
  7195 | D:9      | Killed a one-headed hydra
  7195 | D:9      | Reached skill level 14 in Axes
  7231 | D:9      | Received a gift from Trog
  7275 | D:9      | Reached XP level 11. HP: 97/97 MP: 10/10
  7486 | D:9      | Noticed a death yak
  7490 | D:9      | Noticed a death yak
  7490 | D:9      | Noticed a death yak
  7506 | D:9      | Killed a death yak
  7513 | D:9      | Killed a death yak
  7521 | D:9      | Killed a death yak
  7521 | D:9      | Reached skill level 10 in Fighting
  7523 | D:9      | Found a staircase to the Lair.
  8159 | Lair:1   | Entered Level 1 of the Lair of Beasts
  8480 | Lair:1   | Got a brightly glowing robe
  8556 | Lair:1   | Reached skill level 15 in Axes
 10065 | Lair:2   | Found a frozen archway.
 10074 | IceCv    | Entered an ice cave
 10078 | IceCv    | Received a gift from Trog
 10303 | IceCv    | HP: 3/151 [freezing wraith (7)]
 10303 | IceCv    | Slain by a freezing wraith
 10304 | IceCv    | Reached XP level 10. HP: -2/141 MP: 9/9
 10316 | IceCv    | Reached XP level 11. HP: 101/101 MP: 10/10
 10816 | IceCv    | Found an ancient bone altar of Kikubaaqudgha.
 11065 | IceCv    | Noticed a necromancer
 11081 | IceCv    | Killed a necromancer
 11081 | IceCv    | Received a gift from Trog
 11081 | IceCv    | Reached skill level 16 in Axes
 11550 | Lair:2   | Noticed Nergalle
 11557 | Lair:2   | Killed Nergalle
 11561 | Lair:2   | Found a hole to the Spider Nest.
 12489 | Lair:3   | Reached XP level 12. HP: 102/112 MP: 3/11
 12556 | Lair:3   | Reached skill level 17 in Axes
 12751 | Lair:3   | Noticed a four-headed hydra
 12751 | Lair:3   | Noticed a four-headed hydra
 12768 | Lair:3   | Slain by an eight-headed hydra
 12769 | Lair:3   | Reached XP level 11. HP: -2/104 MP: 3/3
 12769 | Lair:3   | Upgraded the game from bcrawl-1.21.3-2-g9d8a61a446 to
                  | bcrawl-1.23
 12816 | Lair:3   | Killed a 13-headed hydra
 12816 | Lair:3   | Received a gift from Trog
 13296 | Lair:3   | Killed a seven-headed hydra
 13347 | Lair:3   | Found a staircase to the Swamp.
 15074 | Lair:5   | Reached XP level 12. HP: 84/113 MP: 3/11
 15430 | Lair:5   | Noticed a death yak
 15430 | Lair:5   | Noticed a death yak
 15432 | Lair:5   | Noticed a death yak
 15444 | Lair:5   | Killed a death yak
 15444 | Lair:5   | Reached skill level 18 in Axes
 15454 | Lair:5   | Killed a death yak
 15458 | Lair:5   | Killed a death yak
 15600 | Lair:5   | Noticed Snorg
 15612 | Lair:5   | Killed Snorg
 15729 | Lair:5   | Found a stormy altar of Qazlal.
 15745 | Lair:5   | Found a viscous altar of Jiyva.
 15789 | Lair:5   | Found a staircase to the Slime Pits.
 15925 | Lair:5   | Received a gift from Trog
 16184 | Lair:5   | Noticed Harold
 16194 | Lair:5   | Killed Harold
 16673 | Lair:6   | Entered Level 6 of the Lair of Beasts
 16710 | Lair:6   | Noticed Rupert
 16724 | Lair:6   | Killed Rupert
 16724 | Lair:6   | Reached skill level 19 in Axes
 16724 | Lair:6   | Reached XP level 13. HP: 105/123 MP: 4/12
 16985 | Lair:6   | Noticed Josephine
 16996 | Lair:6   | Killed Josephine
 17571 | Lair:6   | Received a gift from Trog
 18083 | Lair:6   | Reached skill level 20 in Axes
 18083 | Lair:6   | Reached skill level 15 in Armour
 18682 | D:10     | Entered Level 10 of the Dungeon
 18682 | D:10     | Found a transporter.
 18682 | D:10     | Noticed a brown very ugly thing
 18708 | D:10     | Received a gift from Trog
 18719 | D:10     | Reached ****** piety under Trog
 18748 | D:10     | Found a staircase to the Orcish Mines.
 19293 | D:10     | Found a transporter.
 19345 | D:10     | Received a gift from Trog
 19345 | D:10     | Reached XP level 14. HP: 133/133 MP: 13/13
 19584 | D:10     | Found a portal to a secret trove of treasure.
 20174 | D:10     | Reached skill level 15 in Fighting
 20178 | D:10     | Killed a brown very ugly thing
 20182 | D:10     | Shot with a bolt by something

Skill      XL: |  1  2  3  4  5  6  7  8  9 10 11 12 13 14 |
---------------+-------------------------------------------+-----
Axes           | 4 5 6 7 8 10 12 14 16 19 20 | 20.3
Fighting       | 4 5 6 7 8 9 12 13 14 15 | 15.1
Armour         | 3 4 5 7 9 11 14 15 | 15.2
Dodging        | 3 4 |  4.2
Stealth        | 1 |  1.7

Action                   |  1- 3 |  4- 6 |  7- 9 | 10-12 | 13-15 || total
-------------------------+-------+-------+-------+-------+-------++-------
Melee: Hand axe          |    75 |       |       |     7 |       ||    82
       Headbutt          |    11 |    12 |    44 |   179 |    60 ||   306
       War axe           |    14 |    87 |   254 |   370 |       ||   725
       Battleaxe         |       |       |       |   381 |   274 ||   655
       Executioner's axe |       |       |       |       |    59 ||    59
Invok: Berserk           |       |     2 |     8 |    23 |     8 ||    41
       Brothers in Arms  |       |       |       |     5 |       ||     5
       Trog's Hand       |       |       |       |     2 |       ||     2
  Use: Scroll            |       |     3 |       |     4 |       ||     7
       Potion            |       |       |       |     1 |       ||     1
 Stab: Distracted        |       |       |       |       |     1 ||     1
  Eat: Chunk             |     1 |     4 |    13 |    27 |    15 ||    60
       Ration            |       |       |     2 |     8 |     1 ||    11
Armor: Chain mail        |    56 |    65 |    39 |       |       ||   160
       Plate armour      |       |       |   108 |   394 |   193 ||   695
Dodge: Dodged            |    41 |    59 |   139 |   397 |   172 ||   808
